[Event "Titled Tuesday Blitz March 07 Early 2023"]
[White "Mayaud, Raphael"]
[Black "Grabinsky, Vladimir"]
[WhiteFideId "627151"]
[BlackFideId "14107074"]
[WhiteElo "2191"]
[BlackElo "2027"]
[Result "1/2-1/2"]
[Round "04"]
[TimeControl "180+2"]
[Date "2023.03.07"]
[WhiteClock "0:00:53"]
[BlackClock "0:00:47"]

1. d4 Nf6 2. Bg5 Ne4 3. Bf4 c5 4. f3 Nf6 5. dxc5 e6 6. Bd6 Na6 7. Bxf8 Rxf8 8. e4 Nxc5 9. Nc3 d5 10. Bb5+ Bd7 11. Bxd7+ Qxd7 12. Qd4 Rc8 13. exd5 Nxd5 14. Nxd5 Qxd5 15. Qxd5 exd5 16. O-O-O Rd8 17. Ne2 Ne6 18. Nd4 Kd7 19. Rd2 Nxd4 20. Rxd4 Kc6 21. Re1 Rfe8 22. Rxe8 Rxe8 23. Kd2 Re5 24. Rf4 f6 25. a4 a5 1/2-1/2


[Site "https://www.chess.com"]

[Event "Titled Tuesday Blitz March 07 Early 2023"]
[White "Tarnowska, Aleksandra"]
[Black "Sarkar, Justin"]
[WhiteFideId "1180967"]
[BlackFideId "2010011"]
[WhiteElo "1776"]
[BlackElo "2189"]
[Result "0-1"]
[Round "04"]
[TimeControl "180+2"]
[Date "2023.03.07"]
[WhiteClock "0:00:05"]
[BlackClock "0:00:05"]

1. e4 e5 2. Nf3 Nc6 3. Bb5 a6 4. Ba4 Nf6 5. O-O Be7 6. Re1 b5 7. Bb3 d6 8. h3 O-O 9. c3 Nb8 10. d4 Nbd7 11. Nbd2 Bb7 12. Bc2 Re8 13. Nf1 Bf8 14. Ng3 g6 15. Bg5 h6 16. Be3 Bg7 17. Qd2 Kh7 18. Rad1 Qe7 19. Nh2 Rad8 20. f4 exf4 21. Bxf4 Nf8 22. e5 dxe5 23. Rxe5 Qd7 24. Rde1 Nd5 25. Rxe8 Rxe8 26. Rxe8 Qxe8 27. Nh5 Nxf4 28. Nxg7 Qe2 29. Qxe2 Nxe2+ 30. Kf2 Kxg7 31. Kxe2 Bxg2 32. h4 g5 33. hxg5 hxg5 34. Ng4 Bd5 35. Ne5 Bxa2 36. Ke3 Bd5 37. Ng4 Ne6 38. Bf5 Nf4 39. Ne5 a5 40. Bd7 b4 41. c4 Be6 42. Bb5 Ng6 43. Nf3 g4 44. Ng5 Bc8 45. d5 f5 46. Ne6+ Kf6 47. Nxc7 f4+ 48. Ke4 g3 49. Ne6 g2 50. Nxf4 g1=Q 51. Nh5+ Kg5 52. Ng7 Qe1+ 53. Kd3 Qd1+ 54. Ke3 Qc1+ 55. Kd3 Qxb2 56. Ne6+ Bxe6 57. dxe6 Ne5+ 58. Ke4 Nxc4 59. Bxc4 Qc3 60. Kd5 Qf6 61. Kd6 Qd8+ 62. Kc6 Kf6 63. Kb5 Ke7 64. Ka4 Qb6 65. Bb3 Qc5 66. Ba2 Qc3 67. Bd5 Qa3+ 68. Kb5 b3 69. Be4 Qb4+ 70. Kc6 Qxe4+ 71. Kb6 b2 72. Ka6 Kxe6 73. Ka7 b1=Q 74. Ka6 Qeb7+ 75. Kxa5 Qa7# 0-1


[Site "https://www.chess.com"]

[Event "Titled Tuesday Blitz March 07 Early 2023"]
[White "Baruch, Liam"]
[Black "Seletsky, Grigory"]
[WhiteFideId "14322064"]
[BlackFideId "14112191"]
[WhiteElo "2066"]
[BlackElo "2490"]
[Result "0-1"]
[Round "04"]
[TimeControl "180+2"]
[Date "2023.03.07"]
[WhiteClock "0:00:03"]
[BlackClock "0:00:20"]

1. e4 e6 2. d4 d5 3. Nc3 Nc6 4. e5 Nge7 5. f4 Nf5 6. Nf3 b6 7. Bb5 Bd7 8. O-O Ncxd4 9. Bxd7+ Qxd7 10. Nxd4 Nxd4 11. Kh1 c5 12. a4 a6 13. Be3 Nf5 14. Bf2 h5 15. Qf3 Be7 16. Ne2 Rc8 17. b3 g6 18. Qd3 Qc6 19. Qxa6 O-O 20. Qb5 d4 21. Qxc6 Rxc6 22. Ng3 Nxg3+ 23. Bxg3 Rd8 24. Rfd1 Rd5 25. Bf2 Bd8 26. g3 Bc7 27. Kg2 Kf8 28. Kf3 Ke7 29. Ke4 Kd7 30. h3 Kc8 31. g4 hxg4 32. hxg4 g5 33. c4 Rd8 34. fxg5 Rg8 35. Bh4 Kb7 36. Rh1 Bd8 37. Raf1 Rc7 38. g6 Bxh4 39. gxf7 Rf8 40. Rxh4 Rcxf7 41. Rxf7+ Rxf7 42. Rh6 Rf1 43. Rxe6 Rg1 44. Rg6 Re1+ 45. Kd3 Rxe5 46. g5 Re3+ 47. Kd2 Rxb3 48. Rg7+ Kc6 49. Rg6+ Kb7 50. Rg7+ Ka6 51. Rd7 Rg3 52. Rg7 Ka5 53. Ra7+ Kb4 54. Rb7 Kxc4 55. Rxb6 Rxg5 56. Rb2 Rg2+ 57. Kc1 Rxb2 58. Kxb2 Kb4 0-1


[Site "https://www.chess.com"]

[Event "Titled Tuesday Blitz March 07 Early 2023"]
[White "Risteski, Emil"]
[Black "Burke, John F"]
[WhiteFideId "15005267"]
[BlackFideId "2052970"]
[WhiteElo "2251"]
[BlackElo "2235"]
[Result "1-0"]
[Round "04"]
[TimeControl "180+2"]
[Date "2023.03.07"]
[WhiteClock "0:01:47"]
[BlackClock "0:01:35"]

1. c4 e5 2. Nc3 Nc6 3. g3 g6 4. Bg2 Bg7 5. d3 d6 6. h4 h6 7. Qd2 Nge7 8. b3 Be6 9. Bb2 f5 10. e3 d5 11. cxd5 Nxd5 12. Nge2 Qd7 13. O-O-O Rd8 14. Kb1 Ndb4 15. Nc1 e4 16. d4 Nd5 17. Bf1 a6 18. Na4 Bf8 19. Ne2 Bb4 20. Qc1 O-O 21. Ba3 b6 22. Nf4 Nxf4 23. gxf4 Bxa3 24. Qxa3 a5 25. Bb5 Bd5 26. Nc3 Rf6 27. Nxd5 1-0


[Site "https://www.chess.com"]

[Event "Titled Tuesday Blitz March 07 Early 2023"]
[White "Gheorghiu, Calin"]
[Black "Kohler, Aran"]
[WhiteFideId "1200305"]
[BlackFideId "1002856"]
[WhiteElo "2223"]
[BlackElo "2229"]
[Result "0-1"]
[Round "04"]
[TimeControl "180+2"]
[Date "2023.03.07"]
[WhiteClock "0:01:49"]
[BlackClock "0:01:20"]

1. e4 c6 2. d4 d5 3. e5 c5 4. dxc5 Nc6 5. Nf3 Bg4 6. Bb5 e6 7. b4 Ne7 8. O-O a5 9. c3 axb4 10. cxb4 Ng6 11. Re1 Be7 12. h3 Bxf3 13. Qxf3 O-O 14. Bxc6 bxc6 15. Bb2 f6 16. exf6 Bxf6 17. Bd4 Bxd4 0-1


[Site "https://www.chess.com"]

[Event "Titled Tuesday Blitz March 07 Early 2023"]
[White "Avazkhonov, Alikhon"]
[Black "Biriukov, Ilja"]
[WhiteFideId "14208504"]
[BlackFideId "4113373"]
[WhiteElo "1739"]
[BlackElo "2426"]
[Result "1-0"]
[Round "04"]
[TimeControl "180+2"]
[Date "2023.03.07"]
[WhiteClock "0:00:03"]
[BlackClock "0:00:03"]

1. d4 Nf6 2. c4 g6 3. Nc3 Bg7 4. e4 d6 5. f3 O-O 6. Be3 e5 7. Nge2 Nbd7 8. Qd2 c6 9. O-O-O a6 10. g4 b5 11. Ng3 Rb8 12. g5 Ne8 13. h4 exd4 14. Bxd4 Ne5 15. Qf2 bxc4 16. f4 Ng4 17. Qf3 Bxd4 18. Rxd4 Qb6 19. Rd2 Qe3 20. Qxe3 Nxe3 21. h5 Nxf1 22. Rxf1 Bg4 23. h6 f5 24. e5 d5 25. Na4 Nc7 26. Nc5 Rbd8 27. e6 Rfe8 28. Re1 Re7 29. Kc2 Ne8 30. Kc3 Nd6 31. Nd7 Nb5+ 32. Kc2 a5 33. Nf6+ Kh8 34. Nxg4 fxg4 35. f5 gxf5 36. Nxf5 Ree8 37. e7 Rd7 38. Rde2 Nd6 39. Ng7 Kg8 40. Re6 Kf7 41. Nxe8 Nxe8 42. Rxc6 Rxe7 43. Rxe7+ Kxe7 44. Ra6 Nd6 45. Ra7+ Ke6 46. Rxh7 g3 47. g6 g2 48. g7 g1=Q 49. Rh8 Qf2+ 50. Kc1 Qe1+ 51. Kc2 Qe2+ 52. Kc1 1-0


[Site "https://www.chess.com"]

[Event "Titled Tuesday Blitz March 07 Early 2023"]
[White "Silvestre, Christian"]
[Black "Dilmukhametov, Artur"]
[WhiteFideId "30956269"]
[BlackFideId "24179922"]
[WhiteElo "2391"]
[BlackElo "2199"]
[Result "1-0"]
[Round "04"]
[TimeControl "180+2"]
[Date "2023.03.07"]
[WhiteClock "0:01:43"]
[BlackClock "0:01:57"]

1. d4 Nf6 2. Bg5 d6 3. Bxf6 gxf6 4. e3 Bg7 5. Nf3 e5 6. Be2 e4 7. Nfd2 d5 8. c4 Be6 9. Nc3 Nc6 10. cxd5 Bxd5 11. Ndxe4 Bxe4 12. Nxe4 Qe7 13. Ng3 O-O 14. O-O Kh8 15. Bd3 Qd7 16. Qh5 f5 17. Bxf5 1-0


[Site "https://www.chess.com"]

[Event "Titled Tuesday Blitz March 07 Early 2023"]
[White "Mim, Akter"]
[Black "Tyagi, Kushan"]
[WhiteFideId "10263950"]
[BlackFideId "2040069"]
[WhiteElo "2212"]
[BlackElo "2355"]
[Result "1-0"]
[Round "04"]
[TimeControl "180+2"]
[Date "2023.03.07"]
[WhiteClock "0:00:30"]
[BlackClock "0:00:02"]

1. e4 c5 2. Nf3 e6 3. c3 Nf6 4. e5 Nd5 5. d4 cxd4 6. cxd4 b6 7. a3 Bb7 8. Bd3 Be7 9. O-O d6 10. Re1 Nd7 11. Nbd2 O-O 12. Ne4 dxe5 13. dxe5 Nc5 14. Nxc5 bxc5 15. Qe2 Rc8 16. h4 Qc7 17. Bg5 c4 18. Bc2 c3 19. Bxe7 Qxe7 20. Bxh7+ Kxh7 21. Ng5+ Kg6 22. Qg4 f5 23. exf6 Nxf6 24. Qg3 cxb2 25. Rab1 Kh6 26. Nxe6 Qxe6 27. Rxe6 Rc1+ 28. Re1 Rxe1+ 29. Rxe1 Rc8 30. Qb3 Rc1 31. Qe3+ Kh7 32. Rxc1 bxc1=Q+ 33. Qxc1 Be4 34. Qc7 a6 35. a4 Bd3 36. a5 Bb5 37. f3 Bd3 38. g4 Nd5 39. Qe5 Nf6 40. Kf2 Bb5 41. Kg3 Nd7 42. Qf5+ Kg8 43. h5 Nf8 44. g5 Bd7 45. Qd3 Bb5 46. Qd5+ Kh8 47. Qf7 Nd7 48. g6 Nf6 49. Qf8+ Ng8 50. Kf4 1-0


[Site "https://www.chess.com"]

[Event "Titled Tuesday Blitz March 07 Early 2023"]
[White "Mikhaylova, Irina"]
[Black "Mushini Ajay"]
[WhiteFideId "4109040"]
[BlackFideId "35066188"]
[WhiteElo "1966"]
[BlackElo "2145"]
[Result "1/2-1/2"]
[Round "04"]
[TimeControl "180+2"]
[Date "2023.03.07"]
[WhiteClock "0:02:54"]
[BlackClock "0:02:48"]

1. d4 Nf6 2. Nf3 d5 3. c4 c6 4. cxd5 cxd5 5. Nc3 Nc6 6. Bf4 Nh5 7. Bg5 h6 8. Bd2 Nf6 9. Bf4 Nh5 10. Bd2 Nf6 11. Bf4 Nh5 12. Bd2 1/2-1/2


[Site "https://www.chess.com"]

[Event "Titled Tuesday Blitz March 07 Early 2023"]
[White "MrAnnihilation"]
[Black "Comas Fabrego, Lluis"]
[BlackFideId "2200325"]
[WhiteElo "2351"]
[BlackElo "2523"]
[Result "1-0"]
[Round "04"]
[TimeControl "180+2"]
[Date "2023.03.07"]
[WhiteClock "0:00:04"]
[BlackClock "0:00:01"]

1. e4 c5 2. Nf3 d6 3. Bc4 e6 4. O-O Nf6 5. Re1 Be7 6. Bb3 O-O 7. c3 b5 8. d4 cxd4 9. cxd4 Bb7 10. Qd3 Nbd7 11. a3 e5 12. Nc3 a6 13. Be3 Ng4 14. Nd5 Nxe3 15. Qxe3 exd4 16. Nxd4 Nc5 17. Ba2 Re8 18. Rad1 Bf6 19. f3 Rc8 20. Rd2 h6 21. Nxf6+ Qxf6 22. Qf2 d5 23. exd5 Rxe1+ 24. Qxe1 Rd8 25. Ne2 Qe5 26. Qd1 Na4 27. Nc3 Nxc3 28. bxc3 Qxc3 29. d6 Qc5+ 30. Kh1 Qxa3 31. h3 b4 32. d7 b3 33. Bxb3 Bc6 34. Rd6 Bb5 35. Qd5 Qa1+ 36. Kh2 1-0


[Site "https://www.chess.com"]

[Event "Titled Tuesday Blitz March 07 Early 2023"]
[White "Araujo, Everson De Moura"]
[Black "Hamedi Nia, Vesal"]
[WhiteFideId "22737197"]
[BlackFideId "12542253"]
[WhiteElo "2035"]
[BlackElo "1822"]
[Result "1-0"]
[Round "04"]
[TimeControl "180+2"]
[Date "2023.03.07"]
[WhiteClock "0:00:03"]
[BlackClock "0:00:01"]

1. c4 e6 2. Nf3 d5 3. e3 Nf6 4. b3 Be7 5. Bb2 O-O 6. d4 a5 7. Bd3 c6 8. Nbd2 Na6 9. Rc1 Nb4 10. Bb1 b5 11. a3 Na6 12. c5 b4 13. a4 Nc7 14. O-O Ba6 15. Re1 Nd7 16. e4 Re8 17. Re3 dxe4 18. Rxe4 Nd5 19. Ne5 Nxe5 20. Rxe5 Bf6 21. Rh5 h6 22. Qg4 Kf8 23. Ne4 Nc3 24. Nxc3 bxc3 25. Bxc3 Rb8 26. Bc2 Qc7 27. Re1 Rbd8 28. Qe4 Rd5 29. Rxd5 cxd5 30. Qe3 Rb8 31. Qd2 Bd8 32. f4 Bc8 33. Re2 Ba6 34. Re3 Ra8 35. f5 exf5 36. Rf3 Bg5 37. Qf2 f4 38. Bd2 Re8 39. Bd1 Qe7 40. Bxf4 Bxf4 41. Rxf4 Qe1+ 42. Qxe1 Rxe1+ 43. Kf2 Rxd1 44. Rf5 Rd2+ 45. Ke3 Rd3+ 46. Kf4 Rxd4+ 47. Ke5 Rb4 48. Kxd5 Rxb3 49. c6 Rc3 50. Kd6 Bc8 51. Re5 f6 52. Rxa5 Bg4 53. Ra8+ Kf7 54. c7 Kg6 55. c8=Q Bxc8 56. Rb8 Rd3+ 57. Ke7 Bf5 58. a5 Re3+ 59. Kd6 Ra3 60. Rb5 Bd3 61. Rd5 Bf1 62. g3 h5 63. Kc5 Bg2 64. Kb6 Re3 65. Rc5 1-0


[Site "https://www.chess.com"]

[Event "Titled Tuesday Blitz March 07 Early 2023"]
[White "Kujawski, Adam"]
[Black "Kuchava, Ana"]
[WhiteFideId "1100920"]
[BlackFideId "13605348"]
[WhiteElo "2054"]
[BlackElo "2001"]
[Result "1-0"]
[Round "04"]
[TimeControl "180+2"]
[Date "2023.03.07"]
[WhiteClock "0:00:13"]
[BlackClock "0:00:04"]

1. e4 c5 2. Nf3 d6 3. d4 cxd4 4. Nxd4 Nf6 5. Nc3 Nc6 6. Bg5 e6 7. Qd2 Qb6 8. Bxf6 gxf6 9. Nb3 Bd7 10. O-O-O O-O-O 11. Kb1 h5 12. f4 Be7 13. f5 Kb8 14. g3 h4 15. fxe6 fxe6 16. Bh3 Ne5 17. Ne2 hxg3 18. hxg3 Ka8 19. Nf4 Nf3 20. Qe2 Ng5 21. Bg4 Qc6 22. Nd4 Qxe4 23. Qxe4 Nxe4 24. Bxe6 Bxe6 25. Nfxe6 Rdg8 26. Rxh8 Rxh8 27. Nf5 Bf8 28. Re1 d5 29. c4 Kb8 30. cxd5 Nd6 31. Nxd6 Bxd6 32. g4 Rg8 33. Re4 Be5 34. a4 Kc8 35. g5 Kd7 36. gxf6 Bxf6 37. Rf4 Be5 38. Rf7+ Kc8 39. Kc2 1-0


[Site "https://www.chess.com"]

[Event "Titled Tuesday Blitz March 07 Early 2023"]
[White "Sanchez, Robert"]
[Black "Sabar, Ethmane Daouda"]
[WhiteFideId "2034360"]
[BlackFideId "19600097"]
[WhiteElo "2338"]
[BlackElo "1950"]
[Result "0-1"]
[Round "04"]
[TimeControl "180+2"]
[Date "2023.03.07"]
[WhiteClock "0:01:59"]
[BlackClock "0:00:32"]

1. Nf3 d5 2. e3 e6 3. c4 c6 4. Nc3 f5 5. d4 Nf6 6. Ne5 Bd6 7. Bd3 Nbd7 8. f4 O-O 9. O-O Ne4 10. Nxe4 fxe4 11. Nxd7 Bxd7 12. Be2 Be8 13. Bg4 Qe7 14. c5 Bc7 15. b4 a6 16. a4 Bg6 17. Rb1 Bf5 18. b5 axb5 19. axb5 Ra2 20. bxc6 bxc6 21. Rb7 Rb8 22. Rxb8+ Bxb8 23. Qb3 Ra8 24. Be2 Bc7 25. Bd2 Bd8 26. g4 Bg6 27. f5 exf5 28. gxf5 Bf7 29. Kh1 h6 30. f6 gxf6 31. Bg4 Be6 32. Rg1 Kh8 33. Bxe6 Qxe6 34. Qb7 0-1


[Site "https://www.chess.com"]

[Event "Titled Tuesday Blitz March 07 Early 2023"]
[White "Gamage, Wanshini Vidusama"]
[Black "Liu, Kelsey"]
[WhiteFideId "9953752"]
[BlackFideId "30944481"]
[WhiteElo "2174"]
[BlackElo "2296"]
[Result "0-1"]
[Round "04"]
[TimeControl "180+2"]
[Date "2023.03.07"]
[WhiteClock "0:02:01"]
[BlackClock "0:02:04"]

1. e4 c5 2. Nf3 e6 3. d4 cxd4 4. Nxd4 Nc6 5. Nc3 Nf6 6. Bg5 Bb4 7. Nxc6 bxc6 8. e5 Qa5 9. exf6 Qxg5 10. fxg7 Qxg7 11. Qd2 d5 12. a3 Ba5 13. b4 Bc7 14. g3 Be5 15. Nxd5 Bxa1 16. Nc7+ Ke7 17. Qe3 Qc3+ 0-1


[Site "https://www.chess.com"]

[Event "Titled Tuesday Blitz March 07 Early 2023"]
[White "Tsatsalashvili, Keti"]
[Black "Kiseleva, Arina"]
[WhiteFideId "13603434"]
[BlackFideId "4164989"]
[WhiteElo "2220"]
[BlackElo "1756"]
[Result "1-0"]
[Round "04"]
[TimeControl "180+2"]
[Date "2023.03.07"]
[WhiteClock "0:00:18"]
[BlackClock "0:00:03"]

1. d4 Nf6 2. c4 e6 3. Nf3 Bb4+ 4. Nbd2 d5 5. g3 O-O 6. Bg2 a6 7. cxd5 exd5 8. O-O c6 9. Ne5 Bd6 10. a3 Bf5 11. h3 Nbd7 12. f4 h6 13. g4 Be4 14. Nxe4 Nxe4 15. Bxe4 dxe4 16. Nc4 Bc7 17. e3 Qh4 18. Kg2 Rae8 19. Bd2 f5 20. Be1 Qf6 21. Bg3 c5 22. Ne5 Nxe5 23. dxe5 Qe6 24. Qc2 c4 25. gxf5 Rxf5 26. b3 b5 27. bxc4 bxc4 28. Rac1 Bb6 29. Rfe1 g5 30. Qxc4 gxf4 31. exf4 Qxc4 32. Rxc4 e3 33. Rc6 Bd4 34. Rxa6 h5 35. h4 Kf7 36. a4 Rg8 37. Kf3 Bxe5 38. Ra5 Bxf4 39. Rxf5+ Ke6 40. Rxf4 Rg7 41. Rxe3+ 1-0


[Site "https://www.chess.com"]

[Event "Titled Tuesday Blitz March 07 Early 2023"]
[White "Aanan, Shafiuddin"]
[Black "Clawitter, Craig"]
[WhiteFideId "3242633"]
[BlackFideId "2023105"]
[WhiteElo "1648"]
[BlackElo "2287"]
[Result "0-1"]
[Round "04"]
[TimeControl "180+2"]
[Date "2023.03.07"]
[WhiteClock "0:00:03"]
[BlackClock "0:00:10"]

1. e4 e6 2. d3 d5 3. Nd2 Nf6 4. Ngf3 Bc5 5. e5 Nfd7 6. d4 Be7 7. c3 c5 8. Bd3 Nc6 9. a3 a5 10. Bc2 cxd4 11. cxd4 Qb6 12. O-O Nxd4 13. Nxd4 Qxd4 14. Nf3 Qxd1 15. Rxd1 b6 16. Ba4 Ba6 17. Be3 b5 18. Bc2 O-O 19. Bd3 Rfc8 20. Rac1 Nc5 21. Be2 b4 22. Bxa6 Nxa6 23. axb4 Nxb4 24. Nd4 Kf8 25. Kf1 Ke8 26. Ke2 Kd7 27. Nb5 Rab8 28. Na7 Rxc1 29. Rxc1 Na2 30. Rc2 Nb4 31. Rc1 Bd8 32. Bc5 Bb6 33. Bxb4 axb4 34. Nc6 Rc8 0-1


[Site "https://www.chess.com"]

[Event "Titled Tuesday Blitz March 07 Early 2023"]
[White "Winkels, Marcel"]
[Black "Alhadad, Mahmoud"]
[WhiteFideId "1003887"]
[BlackFideId "11501863"]
[WhiteElo "1900"]
[BlackElo "1955"]
[Result "0-1"]
[Round "04"]
[TimeControl "180+2"]
[Date "2023.03.07"]
[WhiteClock "0:00:07"]
[BlackClock "0:00:14"]

1. e4 d5 2. exd5 Nf6 3. d4 Bg4 4. Be2 Bxe2 5. Qxe2 Qxd5 6. Nf3 Nc6 7. Nc3 Qh5 8. d5 Nxd5 9. Qb5 O-O-O 10. Bd2 Nf6 11. Qxh5 Nxh5 12. Ng5 Ne5 13. f4 h6 14. fxe5 hxg5 15. Bxg5 f6 16. exf6 exf6 17. Bd2 Ng3 18. Rg1 Rxh2 19. Bf4 Bc5 20. Bxg3 Bxg1 21. Bxh2 Bxh2 22. Ke2 c6 23. Kf3 Be5 24. Ne4 Bxb2 25. Rb1 Bd4 26. c3 Bb6 27. a4 f5 28. Ng5 Rd3+ 29. Kf4 Be3+ 30. Kxf5 Bxg5 31. Kxg5 Rxc3 32. g4 Rc4 33. a5 Rc5+ 34. Kg6 Rxa5 35. Kxg7 Rg5+ 36. Kf6 Rxg4 37. Re1 Rd4 38. Re7 Rd7 39. Re8+ Kc7 40. Re2 a5 41. Ke6 a4 42. Ra2 b5 43. Rb2 Rd5 44. Rc2 Kb6 45. Rc1 b4 46. Rb1 Kb5 47. Rc1 a3 48. Rb1 Ka4 49. Rc1 Kb5 50. Rb1 Rd3 51. Ke5 a2 52. Ra1 b3 53. Ke4 Rd2 54. Ke3 Rb2 55. Kd3 Rb1 56. Kc3 Rxa1 57. Kxb3 Rf1 58. Kxa2 Rf3 59. Kb2 Kc4 60. Kc2 Rf2+ 61. Kc1 Kd3 62. Kb1 Kc3 63. Ka1 Rf1+ 64. Ka2 Re1 65. Ka3 Ra1# 0-1


[Site "https://www.chess.com"]

[Event "Titled Tuesday Blitz March 07 Early 2023"]
[White "Wilson, Elvin"]
[Black "Johnson, Ben"]
[WhiteFideId "2014874"]
[BlackFideId "2010917"]
[WhiteElo "2278"]
[BlackElo "2148"]
[Result "1-0"]
[Round "04"]
[TimeControl "180+2"]
[Date "2023.03.07"]
[WhiteClock "0:00:27"]
[BlackClock "0:00:03"]

1. c4 e6 2. g3 d5 3. Bg2 Nf6 4. Nf3 Be7 5. O-O O-O 6. b3 c5 7. e3 Nc6 8. Bb2 d4 9. exd4 cxd4 10. Re1 Re8 11. a3 a5 12. d3 Bc5 13. Ne5 Nxe5 14. Rxe5 Qc7 15. Re1 e5 16. Nd2 Bg4 17. Bf3 Qd7 18. Bxg4 Qxg4 19. Ne4 Qc8 20. Nxf6+ gxf6 21. Qf3 f5 22. Re2 Re6 23. Rae1 Bd6 24. Qxf5 Rg6 25. Qxc8+ Rxc8 26. Bc1 f6 27. Bd2 Bxa3 28. Bxa5 Ra8 29. Bd2 Bf8 30. f4 Ra3 31. Rb1 Ra2 32. Kf1 Bh6 33. f5 1-0


[Site "https://www.chess.com"]

[Event "Titled Tuesday Blitz March 07 Early 2023"]
[White "Smietanska, Wiktoria"]
[Black "Chemin, Justo Reinaldo"]
[WhiteFideId "21869359"]
[BlackFideId "2101580"]
[WhiteElo "1910"]
[BlackElo "1940"]
[Result "1-0"]
[Round "04"]
[TimeControl "180+2"]
[Date "2023.03.07"]
[WhiteClock "0:00:04"]
[BlackClock "0:00:01"]

1. c4 e6 2. Nc3 d5 3. cxd5 exd5 4. d4 c6 5. Nf3 Bd6 6. Bg5 f6 7. Bh4 Ne7 8. e3 Nf5 9. Bg3 Bxg3 10. hxg3 Qd6 11. Bd3 Nh6 12. Qc2 f5 13. Ne5 Be6 14. a3 Nd7 15. Nf3 O-O 16. Ng5 Nf6 17. b4 Ne4 18. Nf3 Ng4 19. O-O Rf6 20. b5 Rh6 21. bxc6 bxc6 22. Ne2 g5 23. Bxe4 fxe4 24. Nxg5 Bd7 25. Nf4 Rf8 26. Rfc1 Qf6 27. Ngh3 Be8 28. Rab1 Qf5 29. Rb7 Nf6 30. Qc5 Nh5 31. Rcb1 Nxf4 32. Nxf4 Qg4 33. Qe7 Qf5 34. Rxa7 Qf7 35. Qxf7+ Bxf7 36. Rbb7 1-0


[Site "https://www.chess.com"]

[Event "Titled Tuesday Blitz March 07 Early 2023"]
[White "ritanovikova"]
[Black "Tsyhanchuk, Stanislav"]
[BlackFideId "13505130"]
[WhiteElo "2122"]
[BlackElo "2173"]
[Result "1-0"]
[Round "04"]
[TimeControl "180+2"]
[Date "2023.03.07"]
[WhiteClock "0:00:20"]
[BlackClock "0:00:21"]

1. e4 c5 2. Nc3 Nc6 3. d3 g6 4. Be3 d6 5. Qd2 Bg7 6. g3 Rb8 7. Bg2 b5 8. h4 h5 9. Nd1 a5 10. c3 a4 11. a3 Nf6 12. f3 Bd7 13. Ne2 Na5 14. Nc1 e5 15. O-O O-O 16. Nf2 Qc8 17. Bh6 Nc6 18. Bxg7 Kxg7 19. Ne2 d5 20. exd5 Nxd5 21. f4 Nde7 22. fxe5 Nxe5 23. Qf4 N7c6 24. d4 cxd4 25. cxd4 Ng4 26. Nxg4 Bxg4 27. Qf6+ Kh7 28. Nc3 Na5 29. Bd5 Qd8 30. Bxf7 Qxf6 31. Rxf6 Kg7 32. Raf1 Bf5 33. R6xf5 gxf5 34. Bxh5 Nb3 35. Be2 Nxd4 36. Bd3 b4 37. axb4 Rxb4 38. Rf4 Nc6 39. Rxf5 Rxf5 40. Bxf5 Rxb2 41. Nxa4 Nd4 42. Bg4 Rb4 43. Nc5 Nb5 44. Bf3 Kf6 45. Ne4+ Ke5 46. Nf2 Kd4 47. Kg2 Ke3 48. Ng4+ Kd3 49. Ne5+ Kc3 50. h5 Nd4 51. h6 Rb7 52. Be4 Re7 53. h7 Re8 54. Ng6 Nc2 55. Bxc2 Kxc2 56. h8=Q Rxh8 57. Nxh8 Kd3 58. Kf3 Kd4 59. Kf4 Kd5 60. Kf5 Kd6 61. Kf6 Kd7 62. Kf7 Kd6 63. g4 Ke5 64. g5 Kf5 65. g6 Kg4 66. g7 Kf4 67. g8=Q Kf3 68. Qg5 Ke2 69. Qf4 Ke1 70. Qf3 Kd2 71. Qe4 Kc1 72. Qd3 Kb2 73. Qc4 Kb1 74. Qc3 Ka2 75. Qb4 Ka1 76. Ke6 Ka2 77. Kd5 Ka1 78. Kc4 Ka2 79. Kc3 Ka1 80. Qb2# 1-0


[Site "https://www.chess.com"]

[Event "Titled Tuesday Blitz March 07 Early 2023"]
[White "Samaganova, Aleksandra"]
[Black "Larina, Maria"]
[WhiteFideId "13800221"]
[BlackFideId "24113182"]
[WhiteElo "1858"]
[BlackElo "1848"]
[Result "0-1"]
[Round "04"]
[TimeControl "180+2"]
[Date "2023.03.07"]
[WhiteClock "0:00:02"]
[BlackClock "0:00:40"]

1. c4 f5 2. Nc3 Nf6 3. g3 g6 4. Bg2 Bg7 5. e3 d6 6. Nge2 e5 7. O-O O-O 8. d4 e4 9. Rb1 a5 10. a3 Na6 11. b4 axb4 12. axb4 c6 13. b5 Nc7 14. bxc6 bxc6 15. Qb3 Kh8 16. Qb6 Bd7 17. Bd2 g5 18. Qb4 Be6 19. Rfc1 Qd7 20. h3 Na6 21. Qb3 Rfb8 22. Qa4 Nb4 23. Rxb4 Rxa4 24. Rxb8+ Bg8 25. Nxa4 Qa7 26. Rb4 c5 27. dxc5 dxc5 28. Nxc5 Qxc5 29. Rb5 Qa3 30. Nd4 Qd3 31. Be1 Bxc4 32. Rb8+ Ng8 33. Nxf5 h5 34. Rcb1 Be6 35. Ne7 Be5 36. Nxg8 Bxb8 37. Bf1 Qxb1 38. Ne7 Qxe1 0-1


[Site "https://www.chess.com"]

[Event "Titled Tuesday Blitz March 07 Early 2023"]
[White "Abrosimov, Vladimir"]
[Black "Latreche, Khadidja"]
[WhiteFideId "4166892"]
[BlackFideId "7901780"]
[WhiteElo "2336"]
[BlackElo "1869"]
[Result "1-0"]
[Round "04"]
[TimeControl "180+2"]
[Date "2023.03.07"]
[WhiteClock "0:00:05"]
[BlackClock "0:00:07"]

1. c4 c5 2. Nc3 Nc6 3. g3 g6 4. Bg2 Bg7 5. d3 e6 6. e4 Nge7 7. Nge2 O-O 8. Be3 b6 9. O-O Bb7 10. f4 Rc8 11. e5 d5 12. cxd5 exd5 13. d4 Nf5 14. Bf2 Na5 15. dxc5 bxc5 16. Nxd5 Nc4 17. Qd3 Nb6 18. Rfd1 Bxd5 19. Bxd5 Kh8 20. Rac1 f6 21. e6 c4 22. Qf3 Ne7 23. Bb7 Qc7 24. Bxc8 Rxc8 25. Nc3 f5 26. Bd4 Bxd4+ 27. Rxd4 Qc5 28. Qf2 Nc6 29. Rd2 Qxf2+ 30. Kxf2 Re8 31. Re1 Nc8 32. Nd5 N8e7 33. Nf6 Rd8 34. Rxd8+ Nxd8 35. Nd7 Kg7 36. Nc5 Kf6 37. Rd1 Ndc6 38. Ke3 Nb4 39. a3 Nbd5+ 40. Kd4 g5 41. Kxc4 gxf4 42. gxf4 Nxf4 43. Rd4 Nxe6 44. Rd6 1-0


[Site "https://www.chess.com"]

[Event "Titled Tuesday Blitz March 07 Early 2023"]
[White "Pissama Ntsaou, Martial"]
[Black "Prieto Aranguren, Alain"]
[WhiteFideId "17400864"]
[BlackFideId "2268906"]
[WhiteElo "2060"]
[BlackElo "2209"]
[Result "1-0"]
[Round "04"]
[TimeControl "180+2"]
[Date "2023.03.07"]
[WhiteClock "0:00:17"]
[BlackClock "0:00:13"]

1. e4 c6 2. d4 d5 3. e5 c5 4. dxc5 Nc6 5. Nf3 Bg4 6. Bb5 e6 7. h3 Bxf3 8. Qxf3 Bxc5 9. O-O Ne7 10. Bg5 O-O 11. c4 Nxe5 12. Qg3 Nxc4 13. Bxc4 dxc4 14. Rd1 Qb6 15. Nd2 Nf5 16. Qc3 Bxf2+ 17. Kh2 Rac8 18. Nxc4 Bg3+ 19. Kh1 Qc6 20. Rac1 Bb8 21. Rd3 b5 22. Nd2 Qxc3 23. Rcxc3 Rxc3 24. bxc3 Rc8 25. Ne4 h6 26. Bd2 Kh7 27. Rd7 Kg6 28. g4 Nh4 29. Nd6 Bxd6 30. Rxd6 a5 31. Rd3 b4 32. cxb4 axb4 33. Bxb4 Rc2 34. Be1 Ng2 35. Bg3 f5 36. gxf5+ exf5 37. a4 f4 38. Bxf4 Nxf4 39. Rg3+ Kf5 40. Ra3 g5 41. a5 Rc7 42. a6 Ra7 43. Kh2 h5 44. Kg3 Ne6 45. Ra5+ Kf6 46. Kf3 Nd4+ 47. Ke4 Nc6 48. Ra1 Re7+ 49. Kd5 Na7 50. Rf1+ Kg6 51. Kd6 Re3 52. Ra1 g4 53. h4 g3 54. Kc7 g2 55. Kb7 Re7+ 56. Kb6 Kf5 57. Rg1 Rg7 58. Rxg2 Kf6 59. Rxg7 Kxg7 60. Kxa7 Kf6 61. Kb7 Kf5 62. a7 Kg4 63. a8=Q Kxh4 64. Qa1 Kg3 65. Qh1 h4 66. Kc6 h3 67. Kd5 h2 68. Kd4 1-0


[Site "https://www.chess.com"]